 Dungeon Crawl Stone Soup version 0.19-a0-1091-g463c9de (webtiles) character file.

420 4thArraOfDagon the Ruffian (level 6, -3/54 HPs)
             Began as a Troll Arcane Marksman on Aug 7, 2016.
             Slain by a sheep (8 damage)
             ... on level 7 of the Dungeon.
             The game lasted 00:03:36 (811 turns).

4thArraOfDagon the Ruffian (Troll Arcane Marksman)   Turns: 811, Time: 00:03:37

Health: -3/54      AC:  5    Str: 20    XL:     6   Next: 62%
Magic:  6/6        EV: 10    Int: 11    God:
Gold:   7          SH:  0    Dex:  9    Spells: 1 memorised, 6 levels left

rFire  . . .     SeeInvis .       - Unarmed
rCold  . . .     Gourm    +     a - +0 robe
rNeg   . . .     Faith    .     (no shield)
rPois  +         Spirit   .     (helmet restricted)
rElec  .         Dismiss  .     (no cloak)
rCorr  .         Reflect  .     (gloves unavailable)
SustAt .         Harm     .     (boots unavailable)
MR     .....                    (no amulet)
Stlth  +.........               (no ring)
                                l - ring of poison resistance

@:
A: unfitting armour, claws 3, fast metabolism 3, gourmand, regeneration 2,
shaggy fur 1, tough skin 2
a: no special abilities


You were on level 7 of the Dungeon.
You were full.

You visited 1 branch of the dungeon, and saw 7 of its levels.

You collected 7 gold pieces.

Inventory:

Missiles
 c - 4 large rocks
 d - 2 throwing nets (quivered)
Armour
 a - a +0 robe (worn)
 j - the +13 chain mail of Death's Door {*Confuse rC++, unknown}
   (You found it on level 5 of the Dungeon)

   It greatly protects you from cold.
   It may confuse you when you take damage.
Jewellery
 l - a ring of poison resistance (left claw)
Wands
 e - a wand of flame (13/48)
Potions
 h - a potion of resistance
 i - a potion of invisibility {unknown}
Books
 b - a book of Debilitation

   Spells                             Type                      Level
   a - Corona                         Hexes                        1
   b - Slow                           Hexes                        2
   c - Gell's Gravitas                Hexes/Translocation          3
   d - Inner Flame                    Hexes/Fire                   3
   e - Cause Fear                     Hexes                        4
   f - Leda's Liquefaction            Hexes/Earth                  4
Comestibles
 f - 2 bread rations
 g - 5 fruits


   Skills:
 - Level 0.7 Fighting
 - Level 1.7 Throwing
 - Level 1.5 Dodging
 * Level 6.7 Unarmed Combat
 - Level 1.0 Spellcasting
 - Level 2.0 Hexes


You had 6 spell levels left.
You knew the following spells:

 Your Spells              Type           Power        Failure   Level  Hunger
a - Corona                Hex            #......      17%         1    ##.....


Dungeon Overview and Level Annotations

Branches:
Dungeon (7/15)
 Temple: D:4-7

Altars:
Sif Muna

Annotations:
D:4 4thArraOfDagon's ghost, amateur TrAM


Innate Abilities, Weirdness & Mutations

You are too large for most types of armour.
You have claws for hands.
Your metabolism is lightning-fast.
You like to eat raw meat.
You heal very quickly.
You are covered in fur. (AC +1)
You have very tough skin. (AC +2)


Message History

You claw the sheep!
You kill the sheep!
Unknown command.
You claw the sheep!
The sheep is almost dead.
The sheep bites you!
* * * LOW HITPOINT WARNING * * *
Unknown command.
You scratch the sheep.
You kill the sheep!
Unknown command.
You scratch the sheep.
The sheep is moderately wounded.
The sheep bites you!
* * * LOW HITPOINT WARNING * * *
Unknown command.
You barely miss the sheep.
The sheep is moderately wounded.
The sheep bites you!
You die... #...p..# #.... #.####.#######...# #.# #..†.....#'## #.# ##########Y.# #.# #....# ..# #.# #....# .YY

#p# #....# %.# #Y#
#....# %%#
#@####....# ###
#.##......#
#..#.###.##
##.#...#.#
#...#.#.#########
##.##.#..........
... ##..........
.._..#...........
#.8.8.##..........


You could see a human and a sheep.

Vanquished Creatures
  A hog (D:7)
  A centaur (D:7)
  2 crimson imps (D:7)
  A hound (D:5)
  2 sheep (D:7)
  A worker ant zombie (D:5)
  3 adders
  A shadow imp (D:7)
  3 giant geckos
  A goblin (D:3)
  A kobold (D:2)
  A bat (D:1)
  A giant newt (D:5)
  A rat (D:1)
20 creatures vanquished.

Notes
Turn   | Place    | Note
-------+----------+-------------------------------------------
     0 | D:1      | 4thArraOfDagon the Troll Arcane Marksman began the quest for the Orb.
     0 | D:1      | Reached XP level 1. HP: 18/18 MP: 1/1
    86 | D:2      | Reached skill level 1 in Unarmed Combat
    86 | D:2      | Reached XP level 2. HP: 15/26 MP: 2/2
   223 | D:5      | Entered Level 5 of the Dungeon
   239 | D:5      | Reached skill level 2 in Unarmed Combat
   256 | D:5      | Got an ichor-stained chain mail
   261 | D:5      | ofc
   278 | D:4      | Noticed 4thArraOfDagon's ghost (amateur TrAM)
   363 | D:5      | Reached skill level 3 in Unarmed Combat
   363 | D:5      | Reached XP level 3. HP: 25/32 MP: 3/3
   617 | D:7      | Noticed a centaur
   637 | D:6      | Reached XP level 4. HP: 31/40 MP: 4/4
   671 | D:7      | Killed a centaur
   671 | D:7      | Reached skill level 4 in Unarmed Combat
   671 | D:7      | Reached XP level 5. HP: 13/46 MP: 5/5
   675 | D:7      | Reached skill level 5 in Unarmed Combat
   740 | D:7      | Found a deep blue altar of Sif Muna.
   762 | D:7      | Noticed a hog
   772 | D:7      | Killed a hog
   772 | D:7      | Reached skill level 6 in Unarmed Combat
   772 | D:7      | Reached XP level 6. HP: 8/54 MP: 6/6
   782 | D:7      | Noticed a human
   811 | D:7      | Slain by a sheep

Vault maps used:
D:1:      evilmike_arrival_fibonacci_small, hangedman_decor_growths,
          serial_bayou_lagoon_b
D:2:      first_bread, evilmike_ruin_ashenzari, uniq_terence
D:3:      cheibriados_altar_1
D:4:      uniq_sigmund
D:6:      kennysheep_mini
D:7:      grunt_livestock, led_sif_book

Skill      XL: |  1  2  3  4  5 |
---------------+----------------+-----
Unarmed Combat | 1 3 4 6 |  6.7
Fighting       | |  0.7
Throwing       | |  1.7
Dodging        | |  1.5
Spellcasting   | |  1.0
Hexes          | |  2.0

Action                   |  1- 3 |  4- 6 || total
-------------------------+-------+-------++-------
Melee: Unarmed           |    49 |    39 ||    88
       Punch             |       |     1 ||     1
Throw: Throwing net      |       |     1 ||     1
  Use: Scroll            |     3 |       ||     3
  Eat: Chunk             |     6 |     3 ||     9
Armor: Robe              |    27 |     4 ||    31
Dodge: Dodged            |    39 |    11 ||    50
